 Dungeon Crawl Stone Soup version 0.25.1-2-g60ff931df9 (webtiles) character file.

Game seed: 6171288282505504824

3227 Joresh2 the Arsonist (level 9, -7/45 HPs)
             Began as a Gargoyle Fire Elementalist on Sept 3, 2020.
             Was a Follower of Vehumet.
             Mangled by a killer bee (8 damage)
             ... on level 9 of the Dungeon on Sept 4, 2020.
             The game lasted 00:59:06 (10126 turns).

Joresh2 the Arsonist (Gargoyle Fire Elementalist)  Turns: 10126, Time: 00:59:07

Health: -7/45      AC: 12    Str: 13    XL:     9   Next: 98%
Magic:  16/19      EV: 12    Int: 18    God:    Vehumet [*.....]
Gold:   363        SH:  0    Dex: 16    Spells: 12/22 levels left

rFire    . . .     SeeInvis .   A - +2 spear (venom)
rCold    . . .     Gourm    .   (no shield)
rNeg     + . .     Faith    .   v - +2 animal skin
rPois    ∞         Spirit   .   (helmet restricted)
rElec    +         Reflect  .   f - scarf {harm}
rCorr    .         Harm     +   (no gloves)
MR       +....                  (no boots)
Stlth    ++........             (no amulet)
HPRegen  0.15/turn              B - ring of protection from magic
MPRegen  0.16/turn              y - +6 ring of dexterity

@: about to teleport
A: horns 1, iridescent scales 1, negative energy resistance 1, electricity
resistance, unbreathing, petrification resistance, rot immunity, AC +6
a: Renounce Religion


You were on level 9 of the Dungeon.
You worshipped Vehumet.
Vehumet was aware of your devotion.
You were not hungry.

You visited 2 branches of the dungeon, and saw 10 of its levels.

You collected 363 gold pieces.

Inventory:

Hand Weapons
 o - a +1 short sword of flaming
 p - a +1 dagger of venom
 A - a +2 spear of venom (weapon)
Missiles
 E - 4 poisoned darts (quivered)
 G - 243 stones
Armour
 f - a scarf of harm (worn)
 t - a +1 helmet
 v - a +2 animal skin (worn)
 D - a cursed +0 helmet
Jewellery
 k - a cursed +6 ring of strength
 y - a +6 ring of dexterity (right hand)
 B - a ring of protection from magic (left hand)
Wands
 h - a wand of enslavement (10)
 l - a wand of clouds (4)
 C - a wand of disintegration (11)
Scrolls
 e - 6 scrolls of teleportation
 j - 4 scrolls of identify
 r - a scroll of amnesia
Potions
 d - a potion of brilliance
 g - a potion of flight {unknown}
 q - a potion of cancellation
 s - a potion of stabbing
 u - 3 potions of curing
 x - 2 potions of mutation
 z - a potion of might {unknown}
 F - a potion of heal wounds {unknown}
Comestibles
 c - 22 rations


   Skills:
 + Level 1.2 Polearms
 - Level 1.8 Dodging
 - Level 2.4 Stealth
 + Level 7.0 Spellcasting
 + Level 7.0 Conjurations
 + Level 9.5 Fire Magic
 * Level 2.0 Earth Magic


You had 12 spell levels left.
You knew the following spells:

 Your Spells              Type           Power        Failure   Level  Hunger
a - Foxfire               Conj/Fire      ####         1%          1    None
b - Conjure Flame         Conj/Fire      #####...     1%          3    ##.....
c - Fireball              Conj/Fire      #####.....   10%         5    #####..
d - Sandblast             Erth           ##....       4%          1    None

Your spell library contained the following spells:

 Spells                   Type           Power        Failure   Level  Hunger
 Sticky Flame             Conj/Fire      #####...     3%          4    ####...
 Inner Flame              Hex/Fire       ###.....     4%          3    ##.....
 Bolt of Magma            Conj/Fire/Erth ####......   24%         5    #####..
 Iskenderun's Battlesphe  Conj/Chrm      ###.....     56%         5    #####..
 Iron Shot                Conj/Erth      ###.......   95%         6    #######
 Orb of Destruction       Conj           ####......   99%         7    #######
 Spellforged Servitor     Conj/Summ      ###.......   100%        7    #######


Dungeon Overview and Level Annotations

Branches:
Dungeon (9/15)             Temple (1/1) D:6
   Lair: D:8-11         Orc: D:9-12

Altars:
Ashenzari
Cheibriados
Dithmenos
Elyvilon
Fedhas
Gozag
Hepliaklqana
Makhleb
Nemelex Xobeh
Okawaru
Qazlal
Ru
Sif Muna
Trog
Uskayaw
Vehumet
Wu Jian
Xom
Zin
The Shining One

Shops:
D:4 }   D:5 }

Annotations:
D:4 Edmund
D:8 Joseph


Innate Abilities, Weirdness & Mutations

You are resistant to torment.
Your stone body is resilient. (AC +6)
You are immune to poison.
You resist negative energy. (rN+)
You are resistant to electric shocks. (rElec)
You can survive without breathing.
You are immune to petrification.
You are immune to rotting.
You have a pair of small horns on your head.
You are partially covered in iridescent scales. (AC +2)


Message History

* * * LOW HITPOINT WARNING * * *
The hippogriff barely misses you. The hippogriff completely misses you.
The bullfrog zombie barely misses you.
An orc and an orc priest come into view.
The killer bee stings you but does no damage.
It was a potion of mutation.
You feel extremely strange. A pair of horns grows on your head!
Your cursed +0 helmet falls away!
Your feet thicken and deform.
Your hooves expand and flesh out into feet!
Iridescent scales grow over part of your body.
The orc priest shouts!
You hear a shout!
You hear two shouts!
The killer bee misses you. x2; The hippogriff bites you.
* * * LOW HITPOINT WARNING * * *
The hippogriff pecks you but does no damage.
The hippogriff claws you but does no damage.
As you read the scroll of teleportation, it crumbles to dust.
You feel strangely unstable. The killer bee closely misses you.
The killer bee stings you!
You die...

## (... .
.Z.#
.#...
.... #..
#####§#
#..@HZ#
#...##y§#
o.o.#
#§§# ###
#).# ##.#
..# #.#
#.# ..#


You could see a hippogriff, a killer bee, an orc priest, an orc and a bullfrog
zombie.

Vanquished Creatures
  A hippogriff (D:7)
  Eustachio (D:5)
  2 sky beasts
  2 black bears
  An ogre (D:8)
  A phantom (D:8)
  3 centaurs
  5 bullfrogs
  2 big kobolds
  A water moccasin skeleton (D:6)
  4 scorpions
  5 killer bees (D:9)
  5 wights (D:3)
  2 howler monkeys
  A crimson imp (D:6)
  A bullfrog zombie (D:5)
  A quasit (D:7)
  A bullfrog skeleton (D:8)
  2 jellies
  2 orc priests
  3 worker ants
  3 iguanas
  An orc wizard (D:6)
  A hound zombie (D:5)
  3 hound skeletons
  A worker ant zombie (D:6)
  Robin (D:4)
  9 gnolls
  A howler monkey skeleton (D:6)
  12 adders
  2 shadow imps
  2 oozes (D:1)
  An adder zombie (D:6)
  An adder skeleton (D:6)
  7 worms
  6 dart slugs
  3 leopard geckos
  17 orcs
  10 bats
  5 giant cockroaches
  15 goblins
  14 hobgoblins
  8 jackals
  17 kobolds
  5 quokkas
  2 ball pythons (D:1)
  2 frilled lizards (D:1)
  A giant cockroach zombie (D:5)
  A jackal skeleton (D:8)
  A leopard gecko skeleton (D:6)
  3 quokka skeletons
  10 rats
211 creatures vanquished.

Vanquished Creatures (others)
  726 foxfires
726 creatures vanquished.

Grand Total: 937 creatures vanquished

Notes
Turn   | Place    | Note
-------+----------+-------------------------------------------
     0 | D:1      | Joresh2 the Gargoyle Fire Elementalist began the quest for
                  | the Orb.
     0 | D:1      | Reached XP level 1. HP: 10/10 MP: 3/3
   386 | D:1      | Reached XP level 2. HP: 15/15 MP: 3/5
   580 | D:1      | Reached XP level 3. HP: 18/19 MP: 3/6
  1413 | D:2      | Reached skill level 4 in Fire Magic
  1413 | D:2      | Reached XP level 4. HP: 24/24 MP: 1/7
  1421 | D:2      | Learned a level 3 spell: Conjure Flame
  1873 | D:2      | Found an iron altar of Okawaru.
  2035 | D:2      | Noticed a black bear
  2364 | D:1      | Killed a black bear
  2364 | D:1      | Reached XP level 5. HP: 18/28 MP: 2/9
  2766 | D:3      | Reached skill level 5 in Fire Magic
  2786 | D:3      | Reached XP level 6. HP: 32/32 MP: 7/10
  2819 | D:3      | Learned a level 5 spell: Fireball
  3162 | D:3      | Found a hide-covered altar of Uskayaw.
  4213 | D:4      | Found a bloodstained altar of Trog.
  4213 | D:4      | Found an ornate altar of the Wu Jian Council.
  4311 | D:4      | Noticed Edmund
  4375 | D:4      | Found Himuagro's Gadget Boutique.
  4520 | D:4      | Noticed Robin
  4531 | D:4      | Killed Robin
  4574 | D:4      | Reached XP level 7. HP: 36/36 MP: 2/12
  4680 | D:5      | Entered Level 5 of the Dungeon
  4733 | D:5      | Noticed Eustachio
  4859 | D:5      | Reached skill level 6 in Fire Magic
  5104 | D:5      | Found Yputawopn's Gadget Shoppe.
  5237 | D:5      | Found a bloodstained altar of Trog.
  5544 | D:6      | Reached XP level 8. HP: 27/41 MP: 10/15
  5788 | D:6      | Reached skill level 7 in Fire Magic
  5969 | D:6      | Found a staircase to the Ecumenical Temple.
  5974 | Temple   | Entered the Ecumenical Temple
  6049 | Temple   | Became a worshipper of Vehumet
  6135 | D:6      | Reached skill level 5 in Spellcasting
  6319 | D:6      | Reached skill level 5 in Conjurations
  6786 | D:6      | Reached skill level 8 in Fire Magic
  6844 | D:6      | Noticed a two-headed ogre
  7417 | D:7      | Reached XP level 9. HP: 39/45 MP: 12/17
  7437 | D:7      | Found a snail-covered altar of Cheibriados.
  8531 | D:8      | Noticed Joseph
  8610 | D:8      | Reached skill level 1 in Polearms
  8629 | D:8      | Reached skill level 9 in Fire Magic
  8790 | D:8      | Identified the +5 ring mail of Mirth {Int+2 Slay+3}
  8820 | D:8      | Reached * piety under Vehumet
  8820 | D:8      | Offered knowledge of Sandblast by Vehumet.
  9106 | D:8      | Learned a level 1 spell: Sandblast
  9405 | D:5      | Killed Eustachio
  9566 | D:3      | Reached skill level 1 in Earth Magic
 10123 | D:9      | HP: 2/45 [hippogriff (8)]
 10125 | D:9      | Gained mutation: You have a pair of small horns on your
                  | head. [potion of mutation]
 10125 | D:9      | Gained mutation: You have large cloven feet. [potion of
                  | mutation]
 10125 | D:9      | Lost mutation: You have large cloven feet. [potion of
                  | mutation]
 10125 | D:9      | Gained mutation: You are partially covered in iridescent
                  | scales. (AC +2) [potion of mutation]
 10126 | D:9      | Mangled by a killer bee

Illustrated notes

Levels and vault maps discovered:
D:1:      giann_wishing_wells, layout_basic
D:2:      minmay_razor_zed, layout_basic, okawaru_altar_gauntlet_db
D:3:      layout_loops_ring, overflow_temple_1_default, roderic_malta_cross
D:4:      lemuel_upstairs_altar, layout_rooms, minitemple, serial_shops,
          nicolae_shop_behind_doors, kennysheep_generic_room_14, uniq_robin,
          uniq_edmund
D:5:      layout_loops_ring, serial_shops, nicolae_shop_behind_doors,
          first_ration, trog_three_pillars_becter, uniq_eustachio
D:6:      minmay_opposing_rooms, layout_loops_corners, temple_doors_ab
D:7:      layout_cave_pods, cheibrodos_worm_habitat
D:8:      layout_cave_pools, uniq_joseph
D:9:      minmay_the_grid_triangle_9x9_rhombus_full
          [minmay_the_grid_triangle_9x9_fully_insulated_deathbox,
          minmay_the_grid_triangle_9x9_checkered,
          minmay_the_grid_triangle_9x9_intruding_spiral,
          minmay_the_grid_triangle_9x9_empty,
          minmay_the_grid_triangle_9x9_corrupted_corridor,
          minmay_the_grid_triangle_9x9_zippers_horizontal,
          minmay_the_grid_triangle_9x9_sparse_checkered,
          minmay_the_grid_triangle_9x9_prize_special], layout_rooms,
          kennysheep_orc_monster_closet_entryway
Temple:   regret_index_temple_mists

Skill      XL: |  1  2  3  4  5  6  7  8  9 |
---------------+----------------------------+-----
Fire Magic     | 4 5 6 8 9 |  9.5
Spellcasting   | 3 4 5 7 |  7.0
Conjurations   | 2 3 4 5 7 |  7.0
Polearms       | 1 |  1.2
Earth Magic    | 2 |  2.0
Dodging        | |  1.8
Stealth        | |  2.4

Action                   |  1- 3 |  4- 6 |  7- 9 || total
-------------------------+-------+-------+-------++-------
Melee: Unarmed           |     1 |       |       ||     1
       Club              |    24 |    37 |   100 ||   161
       Spear             |       |       |    30 ||    30
 Cast: Foxfire           |    67 |   112 |   247 ||   426
       Conjure Flame     |       |     1 |     1 ||     2
  Use: Scroll            |       |    16 |     4 ||    20
       Potion            |       |     2 |     2 ||     4
 Stab: Sleeping          |     2 |     1 |     1 ||     4
  Eat: Chunk             |     2 |     7 |    15 ||    24
       Ration            |       |     1 |     1 ||     2
Armor: Robe              |    21 |    26 |       ||    47
       Ring mail         |       |    25 |    36 ||    61
       Animal skin       |       |       |   135 ||   135
Dodge: Dodged            |    54 |    70 |   238 ||   362
